 Dungeon Crawl Stone Soup version 0.29.1-1-gd02db6906a (webtiles) character file.

Game seed: 18015793930588086896

29496 holycorn the Protected (level 13, -3/122 HPs)
             Began as a Minotaur Berserker on Sept 20, 2022.
             Was an Elder of Trog.
             Succumbed to a naga mage's bolt of poison
             ... on level 1 of the Snake Pit.
             The game lasted 00:39:34 (12901 turns).

holycorn the Protected (Minotaur Berserker)        Turns: 12901, Time: 00:39:35

Health: -3/122     AC: 18    Str: 28    XL:     13   Next: 15%
Magic:  12/12      EV: 12    Int:  4    God:    Trog [****..]
Gold:   935        SH: 16    Dex:  9    Spells: 12/12 levels left

rFire   . . .      SeeInvis .   v - +2 hand axe (venom)
rCold   . . .      Faith    .   a - +0 kite shield
rNeg    . . .      Spirit   .   z - +0 plate armour
rPois   .          Reflect  +   (helmet restricted)
rElec   .          Harm     .   K - +0 cloak
rCorr   .          Rampage  .   (no gloves)
Will    +....                   (no boots)
Stlth   ..........              J - amulet of reflection
HPRegen 0.30/turn               g - +4 ring of evasion
MPRegen 0.13/turn               H - ring of willpower

@: lethally poisoned (-3 -> -32), on berserk cooldown, slowed, very slow
A: horns 2, retaliatory headbutt
a: Renounce Religion, Berserk, Trog's Hand, Brothers in Arms


You were on level 1 of the Snake Pit.
You worshipped Trog.
Trog was greatly pleased with you.
You visited 3 branches of the dungeon, and saw 13 of its levels.

You collected 935 gold pieces.

Inventory:

Hand Weapons
 v - a +2 hand axe of venom (weapon)
Armour
 a - a +0 kite shield (worn)
 z - a +0 plate armour (worn)
 K - a +0 cloak (worn)
Jewellery
 g - a +4 ring of evasion (left hand)
 o - a ring of poison resistance
 w - an amulet of the acrobat
 y - a ring of ice
 H - a ring of willpower (right hand)
 J - an amulet of reflection (around neck)
 N - a ring of protection from fire
Wands
 b - a wand of digging (4)
 r - a wand of mindburst (13)
 u - a wand of flame (23)
 G - a wand of iceblast (16)
Scrolls
 d - 2 scrolls of brand weapon
 h - 2 scrolls of enchant weapon
 i - 3 scrolls of poison
 j - a scroll of fear {unknown}
 k - 2 scrolls of amnesia
 l - 3 scrolls of identify
 n - 3 scrolls of noise
 p - 4 scrolls of fog
 q - 3 scrolls of enchant armour
 A - 5 scrolls of teleportation
 B - a scroll of vulnerability {unknown}
 F - a scroll of summoning {unknown}
 I - 2 scrolls of immolation
 L - a scroll of silence {unknown}
 M - a scroll of torment {unknown}
 P - a scroll of magic mapping {unknown}
Potions
 c - 7 potions of curing
 f - 3 potions of ambrosia
 m - 3 potions of cancellation {unknown}
 s - 3 potions of invisibility
 t - a potion of flight {unknown}
 x - 2 potions of brilliance
 C - a potion of magic {unknown}
 D - a potion of heal wounds {unknown}
 E - 2 potions of lignification {unknown}
 O - 3 potions of haste {unknown}


   Skills:
 + Level 13.2 Fighting
 - Level 13.9 Axes
 + Level 14.6 Armour
 - Level 2.4 Dodging
 * Level 13.1 Shields


You had 12 spell levels left.
You didn't know any spells.
Your spell library was empty.

Dungeon Overview and Level Annotations

Branches:
Dungeon (9/15)             Temple (0/1) D:6            Lair (3/5) D:9
  Snake (1/4) Lair:3
  Swamp: Lair:2-3    Shoals: Lair:2-3       Orc: D:9-12

Altars:
Ashenzari
Cheibriados
Hepliaklqana
Qazlal
Sif Muna
Uskayaw
Xom

Shops:
Snake:1 *


Innate Abilities, Weirdness & Mutations

You have a pair of horns on your head.
You reflexively headbutt those who attack you in melee.


Message History

The naga mage spits poison at you.
The splash of poison hits you but does no damage.
You are more poisoned.
The naga mage constricts you.
You closely miss the naga mage.
The naga mage is moderately wounded.
Your skin stops crawling.
You feel less strong-willed.
You feel very sick. You block the naga mage's attack.
The naga mage constricts you. The naga mage spits poison at you.
The splash of poison reflects off an invisible shield around you!
The splash of poison misses the naga mage.
The splash of poison hits the naga sharpshooter.
The naga mage constricts you.
You slash the naga mage! Your headbutt misses the naga mage.
The naga mage is severely wounded.
You feel sick.
The naga mage gestures at you while chanting.
The bolt of poison hits you.
You are more poisoned.
* * * LOW HITPOINT WARNING * * *
The naga mage constricts you.
You hit the naga mage.
The naga mage is almost dead.
You feel very sick. The naga mage hits you with a +0 spear.
* * * LOW HITPOINT WARNING * * *
The naga mage constricts you.
A shock serpent comes into view.
The naga mage gestures at you while chanting.
The bolt of poison hits you!!
You are lethally poisoned!
* * * LOW HITPOINT WARNING * * *
The naga mage constricts you.
Blink to where?
Press: ? - help, Dir - move target You escape the naga mage's grasp.
A guardian serpent comes into view.
As you read the scroll of blinking, it crumbles to dust.
You die...

8## ###.....## ##.÷.÷.#####
####...### #.#####.##.8 #....####
#.......#... #...#..$..#
+...8...'.)> #..##..###†#
#.......#).. # ##...?.# ##.#
#.#####.##.8
.#....#####....)#######.....#####
.....#......####S...# ###'###....
##.S..#######@## ##.....#####
#.....SN.N§...# #.#...#.#
(....#/...######## #.#...#.#
#.........# #.#.8.#.# #........##
#.#...#.# #.......## #.#...#.#
........# #))...## ##.....#
##'#.## ###### ####.)#..#


You could see a naga sharpshooter, a mana viper, a guardian serpent (wandering)
and a naga mage (fast, very poisoned).

Vanquished Creatures
  Agnes (Snake:1)
  A hydra (Lair:2)
  The ghost of jimonade the Severer, a journeyman MiBe of Trog (Lair:2)
  2 anacondas (Snake:1)
  The ghost of turdburglar the Protected, a journeyman GrEE of Vehumet (Lair:1)
  The ghost of DocClef the Thaumaturge, a journeyman GnFE of Hepliaklqana (Lair:1)
  3 naga warriors (Snake:1)
  7 death yaks (D:9)
  A shock serpent (Snake:1)
  A naga ritualist (Snake:1)
  3 mana vipers (Snake:1)
  3 salamanders (Snake:1)
  5 elephants (Lair:1)
  7 black mambas
  A guardian serpent (Snake:1)
  4 cane toads
  5 komodo dragons
  A troll (D:9)
  5 blink frogs (Lair:1)
  4 hornets
  3 wyverns
  21 yaks
  2 basilisks
  2 nagas (Snake:1)
  5 water moccasins
  An orc warrior (D:8)
  A sky beast (D:8)
  An ice beast (D:6)
  An ogre (D:5)
  A phantom (D:7)
  3 kobold brigands
  9 bullfrogs
  A gnoll sergeant (D:9)
  A scorpion (D:7)
  4 killer bees (D:8)
  An electric eel (Lair:2)
  A howler monkey (D:5)
  9 hounds
  4 orc priests
  2 gnoll boudas (D:7)
  5 iguanas
  4 orc wizards
  35 gnolls
  6 adders
  3 white imps
  A worm (D:3)
  4 dart slugs
  37 orcs
  6 ball pythons
  4 bats
  7 endoplasms
  A giant cockroach (D:2)
  3 goblins
  11 hobgoblins
  16 jackals
  9 kobolds
  A quokka (D:2)
  4 frilled lizards
  3 rats
290 creatures vanquished.

Vanquished Creatures (others)
  6 fungi
  4 plants
  5 withered plants (Lair:1)
15 creatures vanquished.

Grand Total: 305 creatures vanquished

Notes
Turn   | Place    | Note
-------+----------+-------------------------------------------
     0 | D:1      | holycorn the Minotaur Berserker began the quest for the
                  | Orb.
     0 | D:1      | Reached XP level 1. HP: 19/19 MP: 0/0
   262 | D:1      | Reached XP level 2. HP: 24/27 MP: 1/1
   696 | D:2      | Reached XP level 3. HP: 32/33 MP: 2/2
   770 | D:2      | Reached ** piety under Trog
  1396 | D:3      | Found a faded altar of an unknown god.
  1454 | D:3      | Reached XP level 4. HP: 39/41 MP: 3/3
  1461 | D:3      | Reached skill level 5 in Axes
  1499 | D:3      | Found a broken altar of Ashenzari.
  1516 | D:3      | Found a stormy altar of Qazlal.
  1649 | D:3      | Reached skill level 5 in Fighting
  1649 | D:3      | Reached skill level 3 in Armour
  1651 | D:3      | Reached XP level 5. HP: 42/48 MP: 4/4
  1770 | D:3      | Reached *** piety under Trog
  1776 | D:3      | Reached XP level 6. HP: 30/56 MP: 5/5
  2010 | D:3      | Reached skill level 4 in Armour
  2010 | D:3      | HP: 1/57 [gnoll/+0 halberd (4)]
  2668 | D:4      | Reached XP level 7. HP: 62/62 MP: 6/6
  2931 | D:4      | Found a hazy altar of Hepliaklqana.
  3041 | D:5      | Entered Level 5 of the Dungeon
  3258 | D:5      | Reached skill level 5 in Armour
  3290 | D:5      | Found a snail-covered altar of Cheibriados.
  3294 | D:5      | Reached **** piety under Trog
  3489 | D:5      | Found a shimmering altar of Xom.
  3861 | D:6      | Reached skill level 6 in Armour
  4041 | D:6      | Found a staircase to the Ecumenical Temple.
  4103 | D:6      | Reached XP level 8. HP: 71/71 MP: 7/7
  4386 | D:6      | Reached skill level 7 in Armour
  4415 | D:6      | Noticed a hornet
  4419 | D:6      | Paralysed by a hornet for 3 turns
  4427 | D:6      | Paralysed by a hornet for 3 turns
  4428 | D:6      | Killed a hornet
  5119 | D:7      | Noticed a hornet
  5127 | D:7      | Reached skill level 8 in Armour
  5133 | D:7      | Killed a hornet
  5205 | D:7      | Reached skill level 10 in Axes
  5255 | D:7      | Reached XP level 9. HP: 72/79 MP: 8/8
  5464 | D:7      | Found a shimmering blue altar of Sif Muna.
  5464 | D:7      | Found a hide-covered altar of Uskayaw.
  5502 | D:7      | Reached skill level 9 in Armour
  6696 | D:9      | Reached skill level 10 in Armour
  6714 | D:9      | Reached XP level 10. HP: 24/90 MP: 9/9
  7142 | D:9      | Noticed a death yak
  7142 | D:9      | Noticed a death yak
  7145 | D:9      | Noticed a death yak
  7146 | D:9      | Noticed a death yak
  7147 | D:9      | Noticed a death yak
  7147 | D:9      | Noticed a death yak
  7150 | D:9      | Noticed a death yak
  7155 | D:9      | Killed a death yak
  7156 | D:9      | Reached skill level 11 in Armour
  7156 | D:9      | Reached skill level 1 in Shields
  7158 | D:9      | Killed a death yak
  7161 | D:9      | Killed a death yak
  7170 | D:9      | Killed a death yak
  7171 | D:9      | Reached skill level 10 in Fighting
  7171 | D:9      | Killed a death yak
  7175 | D:9      | Killed a death yak
  7176 | D:9      | Reached XP level 11. HP: 28/101 MP: 10/10
  7176 | D:9      | Killed a death yak
  7578 | D:9      | Found a staircase to the Lair.
  7736 | D:9      | Reached skill level 12 in Armour
  7982 | Lair:1   | Entered Level 1 of the Lair of Beasts
  8258 | Lair:1   | Reached skill level 5 in Shields
  8438 | Lair:1   | Found a runed translucent gate.
  8439 | Lair:1   | Found a runed translucent gate.
  8441 | Lair:1   | Found a runed translucent gate.
  8442 | Lair:1   | Noticed turdburglar's ghost (journeyman GrEE)
  8443 | Lair:1   | Noticed DocClef's ghost (journeyman GnFE)
  8556 | Lair:1   | Reached ***** piety under Trog
  9135 | Lair:1   | Killed turdburglar's ghost
  9136 | Lair:1   | Reached XP level 12. HP: 112/112 MP: 11/11
  9145 | Lair:1   | Killed DocClef's ghost
  9160 | Lair:1   | Identified the +5 shortbow "Demonbane" {flame, rElec rPois}
  9227 | Lair:2   | Reached skill level 13 in Armour
  9695 | Lair:2   | Found a runed translucent door.
  9697 | Lair:2   | Noticed jimonade's ghost (journeyman MiBe)
  9697 | Lair:2   | Noticed a four-headed hydra
  9714 | Lair:2   | Killed a 13-headed hydra
  9726 | Lair:2   | Killed jimonade's ghost
  9727 | Lair:2   | Reached skill level 10 in Shields
  9732 | Lair:2   | Identified the +0 chain mail of Waimiaj {Rampage Int+9}
 10952 | Lair:3   | Found a staircase to the Snake Pit.
 10961 | Snake:1  | Entered Level 1 of the Snake Pit
 10967 | Snake:1  | Noticed a naga warrior
 11001 | Snake:1  | Killed a naga warrior
 11474 | Snake:1  | Noticed an anaconda
 11475 | Snake:1  | Noticed Agnes
 11497 | Snake:1  | Killed an anaconda
 11500 | Snake:1  | Reached skill level 14 in Armour
 11512 | Snake:1  | Killed Agnes
 11831 | Snake:1  | Noticed a naga warrior
 11849 | Snake:1  | Killed a naga warrior
 12224 | Snake:1  | Found Vuwiheot's Overcharged Wands.
 12380 | Snake:1  | Reached XP level 13. HP: 13/122 MP: 12/12
 12900 | Snake:1  | HP: 6/122 [naga mage/bolt of poison (19)]
 12901 | Snake:1  | Succumbed to a naga mage's bolt of poison

Illustrated notes

Levels and vault maps discovered:
D:1:      wander_arrival_lonely_grave, layout_rooms, skrybe_limestone_x,
          minmay_bisected
D:2:      layout_basic, serial_glass, glass_columns_b, glass_columns_a
D:3:      lemuel_castle_with_subvaults [lemuel_castle_interior_carwin_2],
          layout_rooms, mainiacjoe_overflow_big_doors,
          ebering_ecumenical_altar_mist, nicolae_elevator_lobby_asterisk
D:4:      layout_rooms, kennysheep_mini
D:5:      layout_basic, xom_butterflies, kennysheep_slug_shrine
D:6:      layout_basic, minmay_temple_entry_statues, grunt_ministairs_7
D:7:      layout_cave_pools, amethyst_overflow_temple_binary
D:8:      nicolae_cairo_tiling_large_dashed, layout_basic,
          reono_crystal_passage, blue_anna_alchemist
D:9:      layout_rooms, dpeg_lair_monsters
Lair:1:   layout_roguey, gammafunk_ghost_cemetery
Lair:2:   layout_misc_corridors, ebering_ghost_inner_flame, st_stairs_10,
          serial_bayou_shore_a
Lair:3:   layout_roguey, swamp_mist, dummy_snake_entry
Snake:1:  nicolae_snake_unarmed_stairs_patrol, layout_misc_corridors,
          library_closet, nicolae_shop_overcharged_wands, grunt_megastairs_1,
          uniq_donald, uniq_agnes

Skill      XL: |  1  2  3  4  5  6  7  8  9 10 11 12 13 |
---------------+----------------------------------------+-----
Axes           | 4 5 6 7 8 10 12 13 | 13.9
Fighting       | 4 5 6 7 8 10 12 13 | 13.2
Armour         | 3 4 6 8 10 11 12 14 | 14.6
Shields        | 2 8 12 13 | 13.1
Dodging        | |  2.4

Action                   |  1- 3 |  4- 6 |  7- 9 | 10-12 | 13-15 || total
-------------------------+-------+-------+-------+-------+-------++-------
Melee: Hand axe          |    79 |   103 |   251 |   503 |    46 ||   982
       Headbutt          |    10 |    14 |    45 |   115 |     8 ||   192
       Punch             |     1 |       |     3 |       |       ||     4
Invok: Berserk           |       |     2 |     3 |     6 |     1 ||    12
       Trog's Hand       |       |     2 |     2 |     4 |     1 ||     9
  Use: Scroll            |       |     2 |    10 |     1 |     2 ||    15
       Potion            |       |       |     2 |     1 |       ||     3
Armor: Animal skin       |    10 |       |       |       |       ||    10
       Chain mail        |     7 |    62 |     3 |       |       ||    72
       Plate armour      |       |       |    81 |   112 |    14 ||   207
Dodge: Dodged            |    60 |   121 |   127 |    92 |    17 ||   417
Block: Other             |       |       |     7 |       |       ||     7
       Kite shield       |       |       |       |   242 |    36 ||   278
       Reflection        |       |       |       |     7 |     4 ||    11
